[Event "Early-Titled-Tuesday-Blitz-August-29-2023"]
[Site "Chess.com"]
[Date "2023.08.29"]
[Round "2"]
[White "HrvojeZagreb"]
[Black "cool64chess"]
[Result "0-1"]
[WhiteElo "2286"]
[BlackElo "2503"]
[TimeControl "180+1"]
[EndTime "8:18:23 PDT"]
[Termination "cool64chess won by resignation"]

1. f4 d5 2. b3 Nf6 3. Bb2 e6 4. Nf3 Be7 5. e3 b6 6. a4 a5 7. Ne5 O-O 8. d3 c5 9. Be2 Bb7 10. O-O Nc6 11. Qe1 Nxe5 12. fxe5 Nd7 13. d4 Rc8 14. Na3 Bh4 15. g3 Bg5 16. Bf3 Ba6 17.
Nb5 cxd4 18. exd4 Rxc2 19. Rf2 Rxf2 20. Qxf2 f6 21. Ba3 fxe5 22. Bxf8 Qxf8 23. Nc7 exd4 24.
Nxe6 Qf5 25. Nxg5 Qxg5 26. Qxd4 Nf6 27. Qxb6 Qe5 28. Rd1 Be2 29. Bxe2 Qxe2 30. Qd4 Qc2 31. Rd2 Qxb3 32. Kg2 h6 33. h3 Kh8 34. g4 Ne4 35. Qxd5 Qg3+ 36. Kf1 Nxd2+ 37. Qxd2 Qxh3+ 38. Qg2 Qxg2+ 39. Kxg2 g5 40. Kf3 Kg7 41. Ke4 Kg6 42. Ke5 h5 43. Ke4 h4 0-1

[Event "Early-Titled-Tuesday-Blitz-August-29-2023"]
[Site "Chess.com"]
[Date "2023.08.29"]
[Round "2"]
[White "campochess"]
[Black "viktorgen2021"]
[Result "1-0"]
[WhiteElo "2193"]
[BlackElo "2449"]
[TimeControl "180+1"]
[EndTime "8:18:23 PDT"]
[Termination "campochess won on time"]

1. e4 c6 2. Nc3 d5 3. Nf3 dxe4 4. Nxe4 Nf6 5. Nxf6+ gxf6 6. g3 Bg4 7. Bg2 e5 8. d3 Nd7 9. Be3 Bc5 10. Qd2 Qb6 11. O-O O-O-O 12. a4 Bxe3 13. fxe3 Qc5 14. b4 Qd6 15. a5 a6 16. Qc3 Rhg8 17. Nd2 f5 18.
Nc4 Qc7 19. h3 Be2 20. Rf2 Bh5 21. Rxf5 Rxg3 22. Rxh5 Rdg8 23. Qd2 e4 24. d4 Nf6 25. Rf5 Rxh3 26. Kf1 Qh2 27. Rf2 Rhg3 28. Bxe4 Qh3+ 29.
Bg2 Qh4 30. Ne5 Nd5 31. Re1 Rxg2 32. Rxg2 Qh1+ 33. Ke2 Rxg2+ 34. Kf3 Rxd2+ 35. Rxh1 Rxc2 36. Rxh7 Nxb4 37. Rxf7 Rc1 38. e4 Rf1+ 39. Ke2 Rxf7 40. Nxf7 Nc2 41. Kd3 Na3 42. Kc3 Kd7 43. Ng5 1-0

[Event "Early-Titled-Tuesday-Blitz-August-29-2023"]
[Site "Chess.com"]
[Date "2023.08.29"]
[Round "2"]
[White "tylityli"]
[Black "arenal72"]
[Result "0-1"]
[WhiteElo "2345"]
[BlackElo "2531"]
[TimeControl "180+1"]
[EndTime "8:18:25 PDT"]
[Termination "arenal72 won on time"]

1. d4 d6 2. c4 e5 3. Nf3 e4 4. Nfd2 f5 5. e3 Nf6 6. Nc3 g6 7.
b3 Bg7 8. Bb2 O-O 9. Be2 c5 10.
dxc5 dxc5 11. Qc2 Nc6 12. a3 Be6 13. O-O a6 14. Rad1 Qc7 15. Na4 b6 16. Rfe1 Rad8 17.
Nf1 h5 18. h3 h4 19. Rxd8 Rxd8 20. Rd1 Kf7 21. Rxd8 Qxd8 22. Qd1 Qc7 23. Nd2 g5 24. Bh5+ Ke7 25. Be2 Bd7 26. Nb1 Nd8 27. Nac3 Be6 28. Nd5+ Bxd5 29. cxd5 Nb7 30. Bxa6 Nd6 31. a4 g4 32. Be5 gxh3 33. gxh3 Qd8 34. Kh1 Nf7 35. Bb2 Ng5 36. Bc4 Nf3 37. Nd2 Nxd2 38. Qxd2 Qd6 39.
Qc3 Nh5 40. Qc2 Be5 41. Bxe5 Qxe5 42. Qd2 f4 0-1

[Event "Early-Titled-Tuesday-Blitz-August-29-2023"]
[Site "Chess.com"]
[Date "2023.08.29"]
[Round "2"]
[White "Vse_po_kaify"]
[Black "Nathan_Filgueiras"]
[Result "0-1"]
[WhiteElo "2324"]
[BlackElo "2518"]
[TimeControl "180+1"]
[EndTime "8:18:25 PDT"]
[Termination "Nathan_Filgueiras won on time"]

1. e4 c5 2. Nf3 Nc6 3. Bb5 e5 4. O-O Bd6 5. Nc3 Nf6 6. d3 a6 7.
Bc4 O-O 8. a4 Be7 9. Bg5 d6 10.
h3 Be6 11. Qd2 Nd4 12. Nh2 h6 13. Be3 d5 14. exd5 Nxd5 15. Bxd4 cxd4 16. Nxd5 Bxd5 17. Bxd5 Qxd5 18. f4 exf4 19. Qxf4 Bg5 20. Qf3 Rfd8 21. Rae1 Be3+ 22. Kh1 Rac8 23. Re2 Rc6 24. Ng4 Bg5 25.
Re8+ Kh7 26. Qxd5 Rxd5 27. Rxf7 b5 28. Rff8 Rxc2 29. Ne5 Rxe5 30. Rxe5 Rxb2 31. axb5 axb5 32. Kh2 b4 33. Kg3 Bf6 34. Rb5 Rb3 35. Rfb8 Rxd3+ 36. Kf2 Be7 37. Rd5 Re3 38. Rb7 Re6 39. Rdd7 Bf8 40. Rxd4 Rf6+ 41. Kg3 Bd6+ 0-1

[Event "Early-Titled-Tuesday-Blitz-August-29-2023"]
[Site "Chess.com"]
[Date "2023.08.29"]
[Round "2"]
[White "lefonghua"]
[Black "DanielNaroditsky"]
[Result "0-1"]
[WhiteElo "2666"]
[BlackElo "3155"]
[TimeControl "180+1"]
[EndTime "8:18:26 PDT"]
[Termination "DanielNaroditsky won by resignation"]

1. d4 Nf6 2. c4 g6 3. Nc3 Bg7 4.
e4 d6 5. f4 Bg4 6. Nf3 Bxf3 7.
Qxf3 Nc6 8. Be3 e5 9. fxe5 dxe5 10. d5 Nd4 11. Qd1 O-O 12. Be2 c5 13. dxc6 bxc6 14.
O-O Nd7 15. b4 Re8 16. c5 Nf8 17. Bc4 Nfe6 18. Ne2 a5 19. Nxd4 exd4 20. Bd2 d3 21.
Rc1 axb4 22. Bxb4 Qd4+ 23. Kh1 Rad8 24. Qf3 Rd7 25. Bc3 Qxc4 26. Bxg7 Qxc1 27. Rxc1 Kxg7 28. e5 Rd5 29. Qf6+ Kg8 30. Rf1 Rd7 31. h4 d2 32.
Rd1 h5 33. g4 hxg4 34. h5 gxh5 35. Qh6 Rd4 36. Rxd2 Rxd2 37. Qxd2 Kg7 38. Qd6 h4 39. Qxc6 Rd8 40. Qe4 Rd4 41. Qf5 Rf4 42. Qh5 Rf1+ 43. Kh2 g3+ 44. Kg2 Rf2+ 45. Kg1 Rf4 46. c6 Rc4 47. c7 Rc1+ 48. Kg2 Nf4+ 49. Kf3 Nxh5 0-1

[Event "Early-Titled-Tuesday-Blitz-August-29-2023"]
[Site "Chess.com"]
[Date "2023.08.29"]
[Round "2"]
[White "Staudenhocker43"]
[Black "Zhigalko_Sergei"]
[Result "0-1"]
[WhiteElo "2613"]
[BlackElo "2937"]
[TimeControl "180+1"]
[EndTime "8:18:27 PDT"]
[Termination "Zhigalko_Sergei won on time"]

1. d4 Nf6 2. c4 e6 3. Nc3 Bb4 4. Qc2 O-O 5. e4 d5 6. e5 Ne4 7. Bd3 c5 8. Nf3 cxd4 9. Nxd4 Nd7 10. Bf4 Ndc5 11. O-O Bxc3 12. bxc3 Bd7 13. cxd5 Ba4 14. Qb1 Qxd5 15. Rc1 Rfd8 16. Bf1 Rac8 17. h4 h6 18. Qb4 b6 19. Nf3 Be8 20. c4 Qd7 21. Be3 Nd3 22. Bxd3 Qxd3 23. a4 Qd7 24. a5 Nc5 25.
Rc3 Qb7 26. axb6 axb6 27. Rb1 Na4 28. Ra3 Qa6 29. Rc1 Qa5 30. Qxa5 bxa5 31. c5 Rd5 32. Rc4 Rd1+ 33. Kh2 Nb2 34. Rc2 Nd3 35. Rxa5 Nb4 36. Rb2 Nd5 37. Bd4 Bc6 38. Ra6 Rd3 39. Rba2 Nb4 40. Rxc6 Nxc6 0-1

[Event "Early-Titled-Tuesday-Blitz-August-29-2023"]
[Site "Chess.com"]
[Date "2023.08.29"]
[Round "2"]
[White "CalinGheorghiu"]
[Black "DishonorOnYourCow"]
[Result "0-1"]
[WhiteElo "2346"]
[BlackElo "2536"]
[TimeControl "180+1"]
[EndTime "8:18:27 PDT"]
[Termination "DishonorOnYourCow won by resignation"]

1. d4 Nf6 2. Bf4 g6 3. h3 Bg7 4. e3 d5 5. Nd2 O-O 6. Ngf3 c5 7. c3 b6 8. Be2 Bb7 9. O-O Nc6 10.
a4 Nd7 11. Re1 e5 12. dxe5 Ndxe5 13. Nxe5 Nxe5 14. Nf3 Nc6 15. Nd2 Re8 16. Bf3 Rc8 17. Qb3 Ne5 18. Bxe5 Bxe5 19. Rad1 Qg5 20. Nf1 Rcd8 21.
a5 Bc7 22. axb6 axb6 23. Ra1 Qe5 24. Ra7 Bc6 25. g3 Ra8 26. Rea1 Rxa7 27. Rxa7 Ra8 28. Rxa8+ Bxa8 29. Qa2 Bc6 30. c4 Qf5 31. Bg2 Be5 32.
cxd5 Bb5 33. Qa8+ Kg7 34. Qd8 Qf6 35. Qxf6+ Kxf6 36. b3 Bc3 37. f4 c4 38. bxc4 Bxc4 39. e4 b5 40. e5+ Ke7 41. d6+ Kd7 42. Kh2 b4 43. Ne3 Be6 44. Nd5 Bd2 45. Nb6+ Kd8 46. Bd5 Bxd5 47. Nxd5 b3 48. Ne7 b2 49. Nc6+ Kd7 0-1

[Event "Early-Titled-Tuesday-Blitz-August-29-2023"]
[Site "Chess.com"]
[Date "2023.08.29"]
[Round "2"]
[White "McCarthyStone"]
[Black "CFalcons8"]
[Result "0-1"]
[WhiteElo "2450"]
[BlackElo "2217"]
[TimeControl "180+1"]
[EndTime "8:18:27 PDT"]
[Termination "CFalcons8 won by resignation"]

1. Nf3 Nf6 2. b3 d5 3. Bb2 Bf5 4. h3 Nbd7 5. g4 Bg6 6. Nh4 e5 7. Bg2 Bc5 8. e3 c6 9. d3 a5 10. a3 Bd6 11. Nd2 a4 12. b4 Ng8 13. Nxg6 hxg6 14.
c4 Ne7 15. Qc2 f5 16. Nf3 Ng8 17. O-O-O Qe7 18. Kb1 Ngf6 19. gxf5 gxf5 20. h4 Ng4 21.
Ng5 Ndf6 22. Rde1 e4 23. Bxe4 dxe4 24. d4 Qd7 25. Rd1 b5 26. d5 cxd5 27. cxd5 Rc8 28.
Qe2 Ne5 29. Ne6 Nd3 30. Rhg1 Ng4 31. Nxg7+ Kf7 32. Bd4 Ndxf2 33. Rdf1 Rxh4 34. Rxf2 Nxf2 35. Qxf2 Rh2 36. Qxf5+ Qxf5 37. Nxf5 Bf8 38. d6 Ke6 39. Rg6+ Kxf5 40. Rf6+ Kg5 41. d7 Rd8 42. Rf7 Kg6 43.
Rf6+ Kh7 44. Rf7+ Kg8 45. Bf6 Kxf7 46. Bxd8 Ke6 47. Bc7 Rh1+ 48. Kc2 Kxd7 0-1

[Event "Early-Titled-Tuesday-Blitz-August-29-2023"]
[Site "Chess.com"]
[Date "2023.08.29"]
[Round "2"]
[White "Rakhmanov_Aleksandr"]
[Black "isaak2009"]
[Result "0-1"]
[WhiteElo "2799"]
[BlackElo "2555"]
[TimeControl "180+1"]
[EndTime "8:18:29 PDT"]
[Termination "isaak2009 won on time"]

1. c4 Nf6 2. Nc3 e5 3. Nf3 Nc6 4. e4 g6 5. d4 exd4 6. Nxd4 Bg7 7. Nxc6 bxc6 8. e5 Qe7 9. Qe2 Ng8 10. Bf4 g5 11.
Bg3 Nh6 12. O-O-O Nf5 13. f4 Nxg3 14. hxg3 Ba6 15. Qc2 Bb7 16. Rxh7 Rg8 17. Ne4 O-O-O 18. Nxg5 Bxe5 19. Rxf7 Qe8 20. Qf5 Bh8 21. Kb1 c5 22. Bd3 Bxg2 23. Bc2 Bc6 24. Rh7 Qe3 25. Qd3 Qf2 26.
Qa3 Kb8 27. Be4 Bxe4+ 28. Nxe4 Qe2 29. Qb3+ Ka8 30. Qc2 Qf3 31. Qd3 Qg2 32. Rd2 Qg1+ 33. Kc2 Rb8 34. b3 Qa1 35. Qd5+ c6 36. Qxd7 Qxa2+ 37. Kd1 Qb1+ 38. Ke2 Qxe4+ 39. Kf2 Bd4+ 40. Rxd4 Qxd4+ 41. Qxd4 cxd4 0-1

[Event "Early-Titled-Tuesday-Blitz-August-29-2023"]
[Site "Chess.com"]
[Date "2023.08.29"]
[Round "2"]
[White "KNVB"]
[Black "JoshuaGK27"]
[Result "1-0"]
[WhiteElo "2794"]
[BlackElo "2420"]
[TimeControl "180+1"]
[EndTime "8:18:29 PDT"]
[Termination "KNVB won by resignation"]

1. e4 c5 2. Nf3 d6 3. c3 Nf6 4. Be2 g6 5. O-O Bg7 6. Re1 O-O 7. Bf1 Nc6 8. h3 e5 9. d3 h6 10.
a4 Be6 11. Na3 a6 12. Nc4 Qc7 13. Qb3 Na5 14. Qb6 Qxb6 15. Nxb6 Rad8 16. Be3 Nc6 17.
Nd2 Rfe8 18. Ndc4 Bxc4 19. Nxc4 b5 20. axb5 axb5 21. Na5 Nxa5 22. Rxa5 Rb8 23. Bd2 d5 24. exd5 Nxd5 25. g3 Nc7 26. Rea1 Red8 27. Be3 Ne6 28.
h4 b4 29. Bh3 bxc3 30. bxc3 Rxd3 31. Bxe6 fxe6 32. Rxc5 e4 33. Rc1 Rb3 34. Rc4 Rbxc3 35.
R1xc3 Rxc3 36. Rxe4 Rc2 37. Rxe6 Kf7 38. Ra6 h5 39.
Ra7+ Kg8 40. Kf1 Rb2 41. Rxg7+ Kxg7 42. Bd4+ Kf7 43. Bxb2 Ke6 44. Bc1 Kf5 45. f3 Ke5 46. Bg5 Kd4 47. Ke2 Ke5 48. Ke3 Kf5 49. Bd8 Ke6 50. Ke4 Kf7 51. Kf4 1-0

[Event "Early-Titled-Tuesday-Blitz-August-29-2023"]
[Site "Chess.com"]
[Date "2023.08.29"]
[Round "2"]
[White "Alphafischer2019"]
[Black "sorch29"]
[Result "1-0"]
[WhiteElo "2537"]
[BlackElo "2361"]
[TimeControl "180+1"]
[EndTime "8:18:29 PDT"]
[Termination "Alphafischer2019 won by resignation"]

1. d4 Nf6 2. Bf4 g6 3. e3 d6 4. h3 Bg7 5. Nf3 O-O 6. Be2 b6 7. O-O Bb7 8. a4 Nbd7 9. a5 Rb8 10. Nbd2 b5 11. a6 Ba8 12. Bh2 c5 13. dxc5 Nxc5 14. Nd4 b4 15. Bf3 Nfe4 16. Nxe4 Nxe4 17. Qd3 Nc5 18.
Qe2 Ne4 19. Rfd1 Qb6 20. h4 Rfc8 21. h5 e5 22. Nb3 f5 23. hxg6 hxg6 24. Rac1 d5 25.
Bxe4 fxe4 26. Bg3 Re8 27. c3 Rbd8 28. cxb4 Qxb4 29. Nc5 Rc8 30. Nd7 Qd6 31. Rxc8 Rxc8 32. Qg4 Rc7 33. Nf6+ Qxf6 34. Bh4 Qf7 35. Bd8 Rd7 36. Ba5 Qe8 37. Rc1 Rd6 38. Rc8 Kf7 39.
Rxe8 Kxe8 40. Qc8+ Rd8 41. Qxd8+ Kf7 42. Qxa8 1-0

[Event "Early-Titled-Tuesday-Blitz-August-29-2023"]
[Site "Chess.com"]
[Date "2023.08.29"]
[Round "2"]
[White "schack_vit"]
[Black "The_Princess_Moon"]
[Result "1-0"]
[WhiteElo "2464"]
[BlackElo "2176"]
[TimeControl "180+1"]
[EndTime "8:18:29 PDT"]
[Termination "schack_vit won by resignation"]

1. c4 c5 2. g3 Nc6 3. Bg2 d6 4. Nc3 Nf6 5. a3 g6 6. Rb1 Bg7 7. b4 cxb4 8. axb4 Bf5 9. d3 a6 10. Nf3 O-O 11. O-O Rb8 12. b5 axb5 13. Nxb5 d5 14.
cxd5 Na5 15. Bf4 Rc8 16. e4 Bg4 17. h3 Bd7 18. Qd2 b6 19. Be3 Nh5 20. Na7 Rb8 21. Nd4 Bxd4 22. Bxd4 Rb7 23. Nb5 Qc8 24. Rfc1 Qb8 25.
Na3 Nxg3 26. fxg3 Qxg3 27. Bf2 Qb8 28. Nc4 Nxc4 29. dxc4 Rc8 30. Qd4 Qf4 31. Qe3 Qe5 32. Rxb6 Rxb6 33. Qxb6 Qg5 34. Qe3 Qh5 35. c5 f5 36. c6 Be8 37. e5 Bf7 38. e6 Be8 39. Re1 Ra8 40. c7 Rc8 41. Qe5 Qg5 42. Bg3 h5 43.
Bf4 Qh4 44. Bh6 Qf6 45. Qxf6 exf6 46. d6 Kh7 47. d7 Bxd7 48. exd7 Rxc7 49. d8=Q 1-0

[Event "Early-Titled-Tuesday-Blitz-August-29-2023"]
[Site "Chess.com"]
[Date "2023.08.29"]
[Round "2"]
[White "Nbk90"]
[Black "mistrzemi"]
[Result "0-1"]
[WhiteElo "2116"]
[BlackElo "2443"]
[TimeControl "180+1"]
[EndTime "8:18:29 PDT"]
[Termination "mistrzemi won on time"]

1. Nf3 d5 2. g3 Nf6 3. Bg2 e6 4. c4 c6 5. O-O Nbd7 6. d4 Ne4 7. Qc2 f5 8. Nbd2 Be7 9. b3 O-O 10. e3 Ndf6 11. Bb2 Qd7 12. Ne5 Qc7 13. f3 Nd6 14. e4 b6 15. cxd5 exd5 16. Nxc6 fxe4 17.
fxe4 Ndxe4 18. Nxe4 dxe4 19. Qc4+ Kh8 20. Nxe7 Qxe7 21. a4 a5 22. Ba3 Qd8 23. Bxf8 Ba6 24. Qf7 Qxf8 25. Qxf8+ Rxf8 26. Rf4 Bd3 27. d5 Rd8 28.
Rd1 Rxd5 29. Bxe4 Bxe4 30. Re1 Rd4 31. g4 Kg8 32. g5 Nd5 33. Rfxe4 Rxe4 34. Rxe4 Nc3 35.
Re7 Kf8 36. Rb7 Ne4 37. Rxb6 Nd2 0-1

[Event "Early-Titled-Tuesday-Blitz-August-29-2023"]
[Site "Chess.com"]
[Date "2023.08.29"]
[Round "2"]
[White "stepanosinovsky"]
[Black "borocotoajua"]
[Result "1-0"]
[WhiteElo "2303"]
[BlackElo "2419"]
[TimeControl "180+1"]
[EndTime "8:18:30 PDT"]
[Termination "stepanosinovsky won by checkmate"]

1. Nf3 Nf6 2. g3 g6 3. Bg2 Bg7 4. O-O O-O 5. d3 d5 6. Nbd2 c5 7. e4 Nc6 8. Re1 d4 9. a4 e5 10. Nc4 Ne8 11. c3 Nd6 12. Nxd6 Qxd6 13. cxd4 cxd4 14.
Nd2 Be6 15. Nc4 Bxc4 16. dxc4 Qb4 17. b3 Rfe8 18. Ba3 Qa5 19. c5 Rad8 20. Rb1 Qc3 21.
Rc1 Qa5 22. Rc4 Qc7 23. b4 a6 24. Bf1 h5 25. h4 Qd7 26. Qd2 Qe6 27. b5 d3 28. bxc6 Qxc4 29. cxb7 Qxa4 30. Qb4 Qc6 31. Rd1 Rb8 32. Rxd3 Rxb7 33. Qc4 a5 34. Kg2 Bf8 35. Rd5 Rc7 36. Qc3 Qe6 37. Bb5 Rec8 38. Rxe5 Qf6 39. f4 Qd8 40. Ba6 Rb8 41. Rd5 Qe7 42. Bb2 Qxe4+ 43. Kh2 Qxd5 44. Qh8# 1-0

[Event "Early-Titled-Tuesday-Blitz-August-29-2023"]
[Site "Chess.com"]
[Date "2023.08.29"]
[Round "2"]
[White "MikeSailer"]
[Black "Muracle"]
[Result "0-1"]
[WhiteElo "2187"]
[BlackElo "2466"]
[TimeControl "180+1"]
[EndTime "8:18:30 PDT"]
[Termination "Muracle won on time"]

1. d4 Nf6 2. Nc3 d5 3. Bg5 Nbd7 4. e4 Nxe4 5. Nxe4 dxe4 6. Bc4 Nf6 7. Qd2 Bf5 8. O-O-O e6 9. h3 Be7 10. g4 Bg6 11. f3 e3 12. Bxe3 O-O 13. Ne2 Nd5 14. Bf2 Qd6 15. h4 h6 16. a3 a6 17. Kb1 b5 18.
Bd3 Bxd3 19. Qxd3 b4 20. a4 b3 21. cxb3 Rab8 22. Nc1 Qc6 23. g5 Nb4 24. Qe2 hxg5 25. hxg5 Bxg5 26. Rdg1 Qd5 27. Be3 Qf5+ 28. Ka1 Nc2+ 29.
Ka2 Nxe3 30. Qh2 f6 31. Qh8+ Kf7 32. Qh5+ Ke7 33. Re1 Nc2 34. Re2 Nb4+ 35. Ka1 Nd3 36. Nxd3 Qxd3 37. Rxe6+ Kxe6 38. Re1+ Kd6 39. Qg4 Rfe8 0-1

[Event "Early-Titled-Tuesday-Blitz-August-29-2023"]
[Site "Chess.com"]
[Date "2023.08.29"]
[Round "2"]
[White "Roedor"]
[Black "Blackwhite017"]
[Result "0-1"]
[WhiteElo "2415"]
[BlackElo "1997"]
[TimeControl "180+1"]
[EndTime "8:18:30 PDT"]
[Termination "Blackwhite017 won by checkmate"]

1. d4 d5 2. c4 c6 3. Nf3 Nf6 4. e3 g6 5. Nc3 Bg7 6. Be2 O-O 7.
O-O Bg4 8. Bd2 Bxf3 9. Bxf3 e6 10.
Qe2 Nbd7 11. b4 Re8 12. Rfd1 dxc4 13. Qxc4 e5 14. Qb3 exd4 15. exd4 Nb6 16. Bg5 Qd7 17. Rac1 h6 18. Bh4 Nfd5 19. Ne4 g5 20. Bg3 Qe7 21. Nd6 Red8 22. Nf5 Qxb4 23. h4 Qxb3 24.
axb3 Re8 25. Be5 Bf8 26. Bh5 Nd7 27. hxg5 hxg5 28. g3 Nxe5 29. dxe5 Rxe5 30. Nd4 Rae8 31. Nf3 Re2 32. Nxg5 Rb2 33. Bxf7+ Kg7 34. Bxd5 cxd5 35.
Rc7+ Kg6 36. Nf3 Ree2 37. Nh4+ Kh6 38. Rxd5 Rxf2 39. Rf7 Rxf7 40. Rd8 b6 41. Ra8 Bc5+ 42. Kh1 Rf1# 0-1

[Event "Early-Titled-Tuesday-Blitz-August-29-2023"]
[Site "Chess.com"]
[Date "2023.08.29"]
[Round "2"]
[White "ProfessorChess101"]
[Black "GMG"]
[Result "0-1"]
[WhiteElo "2413"]
[BlackElo "2714"]
[TimeControl "180+1"]
[EndTime "8:18:33 PDT"]
[Termination "GMG won on time"]

1. d4 Nf6 2. c4 e6 3. g3 d5 4. Bg2 Bb4+ 5. Nd2 O-O 6. Nf3 b6 7.
a3 Bd6 8. b4 a5 9. c5 bxc5 10.
bxc5 Be7 11. O-O Nc6 12. Re1 Ba6 13. e4 Rb8 14. e5 Ng4 15. h3 Nh6 16. Nf1 Nf5 17.
h4 f6 18. g4 Nxh4 19. Nxh4 fxe5 20. Nf3 e4 21. N3h2 Nxd4 22. Be3 Nb3 23. Rb1 Nxc5 24. Rxb8 Qxb8 25. Qc2 Bd3 26. Qc3 Nb3 27. Nd2 a4 28. Nxb3 axb3 29. Bd4 c5 30. Be5 Bf6 31. Bxf6 gxf6 32.
Bf1 Bxf1 33. Nxf1 c4 34. Ng3 Qe5 35. Qb4 Rb8 36. Qe7 Kh8 37. Nh5 Qg5 38. Nxf6 Qg7 39. Qxe6 b2 40. Rb1 c3 41. Qe5 Rc8 42. Qd4 c2 43. Qxb2 cxb1=Q+ 44. Qxb1 Qxf6 45. Qb7 Rf8 46. Qa7 d4 0-1

[Event "Early-Titled-Tuesday-Blitz-August-29-2023"]
[Site "Chess.com"]
[Date "2023.08.29"]
[Round "2"]
[White "FARIZA2018"]
[Black "artin10862"]
[Result "0-1"]
[WhiteElo "2509"]
[BlackElo "2810"]
[TimeControl "180+1"]
[EndTime "8:18:34 PDT"]
[Termination "artin10862 won on time"]

1. e4 c5 2. Nf3 d6 3. d4 cxd4 4. Nxd4 Nf6 5. Nc3 a6 6. Be2 e6 7. Be3 Be7 8. O-O O-O 9. a4 Qc7 10. f4 b6 11. Kh1 Bb7 12. Bf3 Nbd7 13. Qe1 Rac8 14. Rd1 Qb8 15. Qg3 Rxc3 16. bxc3 Nxe4 17. Qe1 Ndc5 18. Bg1 f5 19. Ra1 Bf6 20. a5 b5 21.
Ra3 Bd5 22. Qe3 Rc8 23. Nb3 Na4 24. Bxe4 Bxe4 25. Nd4 Qb7 26. Rf2 Nc5 27. Nb3 Na4 28.
Nd4 Nc5 29. Nb3 Nd7 30. Nd4 Qd5 31. Rb3 Bd8 32. Ra3 Nf6 33. Re2 Qc4 34. Rd2 Kf7 35. Qe2 Nd5 36. Qxc4 Rxc4 37. h3 Nxf4 38. Kh2 Nd5 39.
Bf2 Bg5 40. Re2 Nxc3 41. Re1 Bf4+ 42. Kh1 Bd2 43. Rf1 Ke7 44. Nf3 Bh6 45. Bd4 Nd5 46.
c3 e5 47. Bb6 Rxc3 48. Rxc3 Nxc3 49. Nd2 Bxd2 0-1

[Event "Early-Titled-Tuesday-Blitz-August-29-2023"]
[Site "Chess.com"]
[Date "2023.08.29"]
[Round "2"]
[White "ErikRonka"]
[Black "madmax011"]
[Result "1-0"]
[WhiteElo "2500"]
[BlackElo "2283"]
[TimeControl "180+1"]
[EndTime "8:18:34 PDT"]
[Termination "ErikRonka won by resignation"]

1. e4 c5 2. Nf3 d6 3. d4 cxd4 4.
Nxd4 Nf6 5. Nc3 a6 6. Nb3 Nc6 7.
Be3 e6 8. f3 b5 9. g4 Be7 10.
Qd2 Bb7 11. O-O-O Rc8 12. h4 Qc7 13. Kb1 Ne5 14. Be2 d5 15. g5 Nfd7 16. exd5 exd5 17.
a3 Nc4 18. Bxc4 dxc4 19. Nd4 O-O 20. Nf5 Bc5 21. Bf4 Qa5 22. Nd5 Qxd2 23. Rxd2 Rfe8 24.
Nde7+ Bxe7 25. Rxd7 Bxf3 26. Rf1 Bg2 27. Rf2 Bh3 28. Nxe7+ Kf8 29. Nxc8 Bxd7 30. Nd6 Re1+ 31. Ka2 Be6 32. c3 Ke7 33. Nb7 Rh1 34. Nc5 Bf5 35.
a4 Bb1+ 36. Ka3 bxa4 37. Nxa6 Rxh4 38. Nc5 f6 39. gxf6+ gxf6 40. Nxa4 Bd3 41. Nc5 Bf5 42. Be3 Rh5 43. Bd4 Rg5 44. Kb4 h5 45. Ne4 Bxe4 46.
Bxf6+ 1-0

[Event "Early-Titled-Tuesday-Blitz-August-29-2023"]
[Site "Chess.com"]
[Date "2023.08.29"]
[Round "2"]
[White "igorkovalenko"]
[Black "DreamsAreFake"]
[Result "0-1"]
[WhiteElo "2946"]
[BlackElo "2641"]
[TimeControl "180+1"]
[EndTime "8:18:35 PDT"]
[Termination "DreamsAreFake won by resignation"]

1. c4 Nf6 2. Nc3 e5 3. Nf3 Nc6 4. g3 Bb4 5. Nd5 O-O 6. Bg2 Re8 7. Nxb4 Nxb4 8. a3 Nc6 9. O-O e4 10. Ne1 d5 11. cxd5 Qxd5 12. d3 Qh5 13. dxe4 Nxe4 14.
Bf4 Bh3 15. Nf3 Rad8 16. Qb3 Nc5 17. Qc3 Bxg2 18. Kxg2 Ne6 19. Be3 Rd5 20. b4 a6 21.
Rfd1 Red8 22. Rxd5 Qxd5 23. Rc1 Rd7 24. h3 h6 25. Kh2 Qe4 26. Qc4 Qf5 27. Kg2 Ne5 28. Nxe5 Qxe5 29. h4 c6 30. Bb6 Rd2 31. e4 Nd4 32.
Re1 Nc2 33. Rf1 Nxa3 34. Qc1 Qxe4+ 35. Kg1 Nc4 36. Re1 Re2 37. Rxe2 Qxe2 38. Qf4 Nxb6 39.
Qb8+ Kh7 40. Qxb7 Qd1+ 41. Kh2 Nd5 42. Qxf7 Nf6 43. Qc4 Qf3 44. Kg1 Ne4 45. Qd4 Qe2 46. Kg2 Nf6 47. Qc3 Qe4+ 48. Kh2 h5 49. f3 Qd5 50.
Qc2+ Kg8 51. Qf2 a5 52. bxa5 Qxa5 53. Qb2 Qd5 54. Qb8+ Kh7 55. Qb1+ Kh8 56. Qb8+ Ng8 57. Kg2 c5 58. Qc8 c4 59. Qe8 c3 60. Kf2 c2 61.
Qc8 Qd2+ 0-1

[Event "Early-Titled-Tuesday-Blitz-August-29-2023"]
[Site "Chess.com"]
[Date "2023.08.29"]
[Round "2"]
[White "Andrei_Skvortsov"]
[Black "Road2GM3000"]
[Result "0-1"]
[WhiteElo "2685"]
[BlackElo "2426"]
[TimeControl "180+1"]
[EndTime "8:18:36 PDT"]
[Termination "Road2GM3000 won by checkmate"]

1. e4 c5 2. d4 cxd4 3. Qxd4 Nc6 4. Qd3 d6 5. Nc3 Nf6 6. Nf3 e6 7. Bf4 Be7 8. O-O-O e5 9. Bg5 Be6 10. Kb1 a6 11.
Bxf6 gxf6 12. Nd5 Bxd5 13. exd5 Nb8 14. Nh4 Nd7 15. Nf5 Qc7 16. h4 h5 17. g3 Nc5 18.
Qa3 Rc8 19. f3 b5 20. Bh3 Rb8 21. Qe3 b4 22. Rhe1 Na4 23. Ka1 Qb6 24. Nd4 Rb7 25. Nc6 Qxe3 26. Rxe3 Bd8 27. Bc8 Rb6 28. Nd4 O-O 29.
Nf5 Bc7 30. Ne7+ Kg7 31. Bh3 Nc5 32. Kb1 a5 33. Rg1 Rh8 34. Nf5+ Kf8 35. Bf1 a4 36. Bc4 Rg8 37. g4 hxg4 38. fxg4 Rh8 39. h5 Nd7 40. Re2 Rb8 41. Rh1 Nb6 42. b3 Nxc4 43. bxc4 Bb6 44.
Nxd6 Ke7 45. Nf5+ Kd7 46. Re4 Bc5 47. Kc1 b3 48. cxb3 axb3 49. axb3 Rxb3 50. h6 Ra8 51. Ree1 Ra2 52. Re2 Ba3+ 53. Rb2 Rbxb2 54. h7 Rc2+ 55.
Kd1 Rc1# 0-1

[Event "Early-Titled-Tuesday-Blitz-August-29-2023"]
[Site "Chess.com"]
[Date "2023.08.29"]
[Round "2"]
[White "Frolyanov_D"]
[Black "AsaHoffmann"]
[Result "1-0"]
[WhiteElo "2602"]
[BlackElo "2374"]
[TimeControl "180+1"]
[EndTime "8:18:36 PDT"]
[Termination "Frolyanov_D won on time"]

1. d4 Nf6 2. c4 c5 3. d5 e5 4. Nc3 d6 5. e4 Be7 6. h3 Nbd7 7. g4 Nf8 8. g5 N6d7 9. h4 h6 10. gxh6 gxh6 11. h5 Bg5 12. Bxg5 hxg5 13. Nge2 Nh7 14. Ng3 Ndf6 15. Be2 a6 16. h6 Bd7 17. Qd2 Qa5 18. a4 Ke7 19. Nd1 Qxd2+ 20. Kxd2 b5 21. Ne3 bxa4 22. Nef5+ Bxf5 23. Nxf5+ Kd7 24. Bd3 Rhb8 25. Kc1 Rb4 26. Ne3 Rab8 27. Ra2 g4 28. Bc2 Rg8 29.
Bxa4+ Kc7 30. Bc2 g3 31. fxg3 Rxg3 32. Nf5 Rg2 33. Rxa6 Rxc4 34. Ne3 Rgxc2+ 35. Nxc2 Nxe4 36. Ra7+ Kb6 37. Rxf7 Neg5 38. Rg7 e4 39. Rg1 e3 40. R7xg5 Nxg5 41. Rxg5 e2 42. Rg1 Rh4 43. Re1 Rxh6 44. Rxe2 Rh5 45. Ne3 Kb5 46. Kc2 c4 47. Rd2 Kc5 48.
Nd1 Rxd5 49. Rxd5+ Kxd5 50. Kc3 Kc5 51. Ne3 d5 52. Nc2 Kc6 53. Nd4+ Kc5 54. Nf5 Kc6 55. Kb4 Kb6 56. Nd4 Kc7 57. Kc5 Kb7 58. Kxd5 1-0

[Event "Early-Titled-Tuesday-Blitz-August-29-2023"]
[Site "Chess.com"]
[Date "2023.08.29"]
[Round "2"]
[White "alexrustemov"]
[Black "zabivol_mc"]
[Result "1-0"]
[WhiteElo "2867"]
[BlackElo "2555"]
[TimeControl "180+1"]
[EndTime "8:18:37 PDT"]
[Termination "alexrustemov won by checkmate"]

1. d4 d5 2. c4 e6 3. Nc3 Nf6 4. Nf3 Be7 5. Bg5 h6 6. Bxf6 Bxf6 7. e3 O-O 8. Rc1 c6 9. Bd3 Nd7 10. O-O dxc4 11. Bxc4 e5 12. h3 exd4 13. exd4 Nb6 14. Bb3 Bf5 15. Re1 Re8 16. Rxe8+ Qxe8 17. Qd2 Rd8 18.
Re1 Qd7 19. Qf4 Bg6 20. Ne5 Bxe5 21. dxe5 Nd5 22. Bxd5 cxd5 23. Qd4 Qc6 24. Rd1 Kh7 25. f4 Bf5 26. g4 Bc8 27. f5 b5 28. a3 a5 29. Kh2 Bb7 30. Rd2 b4 31. axb4 axb4 32.
Ne2 b3 33. Nc3 Qa6 34. Kg2 Rc8 35. Kf2 Rc4 36. Qd3 Qc6 37. Ne2 d4 38. Nf4 Rc2 39. f6+ g6 40. e6 Ba6 41. Qxd4 Rxd2+ 42. Qxd2 Qc5+ 43. Qe3 Qc2+ 44. Kg3 Qxb2 45. exf7 Qxf6 46. Qe8 Qc3+ 47. Kh4 Qf6+ 48. Kg3 Qc3+ 49. Kf2 Qd2+ 50. Ne2 Bxe2 51. Qg8# 1-0